 Dungeon Crawl Stone Soup version 0.31-a0-636-ge1c0e020e0 (webtiles) character file.

Game seed: 13382409619764568139

11 rddays123 the Firebug (level 2, -2/15 HPs)
             Began as a Gargoyle Fire Elementalist on Aug 27, 2023.
             Slain by an adder (3 damage)
             ... on level 2 of the Dungeon.
             The game lasted 00:02:01 (415 turns).

rddays123 the Firebug (Gargoyle Fire Elementalist)   Turns: 415, Time: 00:02:02

Health: -2/15      AC:  4    Str: 11    XL:     2   Next: 25%
Magic:  2/5        EV: 12    Int: 15    God:
Gold:   30         SH:  0    Dex: 10    Spells: 4/5 levels left

rFire   . . .        (no weapon)
rCold   . . .        (no shield)
rNeg    + . .        a - +0 robe
rPois   ∞            (no helmet)
rElec   +            (no cloak)
rCorr   .            (no gloves)
SInv    .            (no boots)
Will    .....        (no amulet)
Stlth   ++           (no ring)
HPRegen 0.22/turn    (no ring)
MPRegen 0.09/turn

%: no passive effects
@: no status effects
A: sickness immunity, AC +2, negative energy resistance 1, electricity
resistance, torment resistance 1, petrification resistance
a: no special abilities


You were on level 2 of the Dungeon.
You visited 1 branch of the dungeon, and saw 2 of its levels.

You collected 30 gold pieces.

Inventory:

Armour
 a - a +0 robe (worn)
Scrolls
 c - a scroll of enchant armour {unknown}
 e - a scroll of enchant weapon {unknown}
Potions
 b - a potion of magic
 d - 2 potions of heal wounds {unknown}


   Skills:
 + Level 1.7 Dodging
 + Level 2.4 Stealth
 + Level 2.1 Spellcasting
 + Level 1.4 Conjurations
 + Level 3.1 Fire Magic


You had 4 spell levels left.
You knew the following spells:

 Your Spells              Type           Power      Damage    Failure   Level
a - Foxfire               Conj/Fire      32%        2x1d5     9%          1

Your spell library contained the following spells:

 Spells                   Type           Power      Damage    Failure   Level
 Scorch                   Fire           22%        2d5       9%          2
 Inner Flame              Hex/Fire       6%         N/A       34%         3
 Volatile Blastmotes      Fire/Tloc      12%        2d11      34%         3
 Flame Wave               Conj/Fire      8%         2d5       65%         4


Dungeon Overview and Level Annotations

Branches:
Dungeon (1/15)

Altars:


Innate Abilities, Weirdness & Mutations

You are immune to sickness and miasma.
Your stone body is resilient. (AC +2)
You are immune to poison.
You resist negative energy. (rN+)
You are resistant to electric shocks. (rElec)
You are resistant to unholy torment.
You are immune to petrification.


Message History

The adder attacks as it pursues you! The adder bites you. x2
You conjure some foxfire!
The adder bites you.
The foxfire hits the adder.
The adder is heavily wounded.
The foxfire hits the adder.
The adder is severely wounded.
You are too injured to fight recklessly!
The adder attacks as it pursues you! The adder closely misses you.
The adder bites you.
* * * LOW HITPOINT WARNING * * *
The adder attacks as it pursues you! The adder bites you but does no damage.
The adder bites you but does no damage. The adder closely misses you.
The adder attacks as it pursues you! The adder bites you.
* * * LOW HITPOINT WARNING * * *
An adder comes into view.
The adder hisses angrily.
The adder attacks as it pursues you! The adder barely misses you.
The adder bites you but does no damage.
Found a stone staircase leading up.
You closely miss the adder. The adder bites you.
* * * LOW HITPOINT WARNING * * *
The adder closely misses you.
You hit the adder but do no damage. You punch the adder, but do no damage.
The adder barely misses you. The adder bites you but does no damage.
The adder misses you.
You hit the adder.
The adder is moderately wounded.
The adder barely misses you. x2; The adder misses you.
You closely miss the adder.
The adder is moderately wounded.
The adder barely misses you. x2
You miss the adder.
The adder is moderately wounded.
The adder bites you.
* * * LOW HITPOINT WARNING * * *
The adder barely misses you. x2
You hit the adder but do no damage.
The adder is moderately wounded.
The adder bites you.
You die...

##############........
#.....................
#...#################.
#...###...#
#.......#.#
#...#####.# ##### #.#
#S# #@# #S# ... .....
....... #.......<
#......... #.........#


You could see 2 adders.

Vanquished Creatures
  A ball python (D:1)
  A bat (D:1)
  2 endoplasms (D:1)
  A giant cockroach (D:1)
  3 kobolds (D:1)
  A frilled lizard (D:1)
  A goblin (D:1)
10 creatures vanquished.

Vanquished Creatures (others)
  23 foxfires
23 creatures vanquished.

Grand Total: 33 creatures vanquished

Notes
Turn   | Place    | Note
-------+----------+-------------------------------------------
     0 | D:1      | rddays123 the Gargoyle Fire Elementalist began the quest
                  | for the Orb.
     0 | D:1      | Reached XP level 1. HP: 10/10 MP: 3/3
    89 | D:1      | Reached XP level 2. HP: 10/15 MP: 1/5
   220 | D:1      | Found a faded altar of an unknown god.
   363 | D:1      | You fall into a shaft and drop 1 floor!
   415 | D:2      | Slain by an adder

Illustrated notes

Levels and vault maps discovered:
D:1:      dpeg_arrival_orchard, layout_rooms, ebering_ecumenical_altar_abandoned
D:2:      layout_basic, hangedman_decor_push, dk_noncrumbling_4

Action                     || total
---------------------------++-------
  Melee: Unarmed           ||    22
         Punch             ||     1
   Cast: Foxfire           ||    21
 Armour: Robe              ||    17
  Dodge: Dodged            ||    30

Table legend: (Time is in decaauts)
 A = Elapsed time spent in this place.
 B = Non-inter-level travel time spent in this place.
 C = Inter-level travel time spent in this place.
 D = Time resting spent in this place.
 E = Time spent auto-exploring this place.
 F = Levels seen in this place.
 G = Mean time per level.
                   A        B        C        D        E       F      G
               +--------+--------+--------+--------+--------+-----+--------+
         Total |    414 |    414 |      0 |    174 |     94 |   2 |  207.0 |
       Dungeon |    414 |    414 |      0 |    174 |     94 |   2 |  207.0 |
               +--------+--------+--------+--------+--------+-----+--------+

Top non-repeatable levels by time:
     D:1: 363 daAuts
     D:2: 51 daAuts
